Cogmind - Beta 14 *** ADVENTURER MODE // 2025.04.30 @ 17:27:50 Player: Bees Result: Destroyed by V7-WW8(R) with Subdweller Laser Performance ------------- Evolutions (0) 0 Regions Visited (2) 400 Robots Destroyed (20) 100 Value Destroyed (519) 519 Prototype IDs (3) 60 Alien Tech Used (0) 0 Bonus (0) 0 TOTAL SCORE: 1079 Bonus ------- None Cogmind --------- Core Integrity 0/250 Matter 300/300 Energy 146/150 System Corruption 0% Temperature Cool (8) Movement Walking (120) Location -10/Subcaves Parts ------- > --- POWER (1) -------- Light Angular Momentum Engine > --- PROPULSION (2) --- Aluminum Leg Aluminum Leg > --- UTILITY (2) ------ Medium Storage Unit > --- WEAPON (2) ------- (None) > --- INVENTORY (10) --- Subdweller Power Source Compact Wheel Subdweller Monowheel Improved Heat Sink Scrap Shield Beamcaster Subdweller Machine Gun Peak State ------------ > --- POWER ------------ Light Angular Momentum Engine > --- PROPULSION ------- Aluminum Leg Aluminum Leg > --- UTILITY ---------- Small Storage Unit Medium Storage Unit > --- WEAPON ----------- Beamcaster Subdweller Machine Gun > --- INVENTORY -------- Light Ion Engine Subdweller Power Source Compact Wheel Improved Heat Sink Scrap Shield Bore Cannon [Rating: 17] Favorites ----------- Power Light Ion Engine Engine Light Ion Engine Propulsion Aluminum Leg Leg Aluminum Leg Wheel Compact Wheel Utility Small Storage Unit Storage Small Storage Unit Weapon EM Pulse Gun Energy Gun EM Pulse Gun Ballistic Gun Light Assault Rifle Launcher Grenade Launcher Build | -11 -10 -10 ------- Run | Yrd Mat Sub Slots Evolved . | . . . Power . | . . . Propulsion . | . . . Utility . | . . . Weapon . | . . . Parts Attached 26 | 6 8 12 Power 3 | 1 . 2 Engine 3 | 1 . 2 Core . | . . . Reactor . | . . . Propulsion 8 | 2 1 5 Treads . | . . . Leg 7 | 2 1 4 Wheel 1 | . . 1 Hover . | . . . Flight . | . . . Utility 7 | 1 5 1 Device . | . . . Storage 7 | 1 5 1 Processor . | . . . Hackware . | . . . Protection . | . . . Artifact . | . . . Weapon 8 | 2 2 4 Energy Gun 5 | 1 1 3 Energy Cannon . | . . . Ballistic Gun 2 | 1 . 1 Ballistic Cannon . | . . . Launcher 1 | . 1 . Special Weapon . | . . . Impact Weapon . | . . . Slashing Weapon . | . . . Piercing Weapon . | . . . Special Melee Weapon . | . . . Unidentified Prototypes . | . . . Parts Lost 6 | . 1 5 Power 1 | . 1 . Propulsion 2 | . . 2 Utility . | . . . Weapon 3 | . . 3 Highest Loss Streak 4 | . 1 4 To Critical Strikes 1 | . . 1 Average Slot Usage (%) 90 | . 90 91 Engine 8 | . 7 10 Leg 27 | . 28 26 Storage 26 | . 25 27 Energy Gun 13 | . 14 12 Ballistic Gun 5 | . 6 2 Launcher 7 | . 7 8 Peak Build Rating 17 | 6 7 17 Average Rating 7 | 4 6 10 On Entrance 4 | . 6 6 Naked Turns . | . . . Heaviest Build 33 | 11 20 33 Greatest Support 30 | 20 20 30 Greatest Overweight (x) 1 | 1 . 1 Average Overweight (x) . | . . . Largest Inventory Capacity 15 | 8 15 10 Average Capacity 9 | 7 8 10 Most Carried 10 | 2 7 10 Average Carried 5 | 1 3 8 Final Capacity 10 | 8 10 10 Final Carried 8 | 2 7 8 Class Distribution -------------------- 94% | Mutant 5% | Scavenger-Mutant Dominant Class ---------------- Mutant | -10/Materials Mutant | -10/Subcaves Resources | -11 -10 -10 ----------- Run | Yrd Mat Sub Matter Collected 594 | 196 285 113 Remotely . | . . . Salvage Created 546 | . 481 65 Parts 37 | . 30 7 Haulers Intercepted . | . . . Recyclers Shooed 2 | . 2 . Parts Field Recycled . | . . . Retrieved Matter . | . . . Parts Self-Destructed . | . . . Prevented . | . . . Kills | -11 -10 -10 ------- Run | Yrd Mat Sub Combat Hostiles Destroyed 17 | . 15 2 Guns 12 | . 10 2 AOE 5 | . 5 . Classes Destroyed 5 | . 4 1 Builder 1 | . 1 . Watcher 2 | . 2 . Swarmer 6 | . 6 . Grunt 9 | . 9 . Subdweller 2 | . . 2 Best Kill Streak 4 | . 4 1 Combat Bots Only 4 | . 4 1 Max Kills in Single Turn 2 | . 2 1 Gunslinging . | . . . Exploded 1 | . 1 . Melee . | . . . Uniques/NPCs Destroyed . | . . . Combat | -11 -10 -10 -------- Run | Yrd Mat Sub Hostile Shots Fired 120 | . 68 52 Missed 39 | . 25 14 Damage Taken 1007 | . 392 615 Core 252 | . 54 198 Absorbed by Shields . | . . . Ignored by Resistances 293 | . 118 175 Core Remaining (%) 100 | 100 . . Volleys Fired 89 | . 52 37 Largest 2 | . 2 2 Hottest 105 | . 70 105 Shots Fired 133 | . 89 44 Gun 128 | . 84 44 Cannon . | . . . Launcher 5 | . 5 . Special . | . . . Kinetic 46 | . 37 9 Thermal 39 | . 37 2 Explosive 5 | . 5 . Electromagnetic 43 | . 10 33 Robot Hit Streak 22 | . 22 20 Robot Miss Streak 3 | . 3 1 Penetration Max . | . . . Secondary Targets 1 | . 1 . Max Gunslinging Chain 1 | . 1 . Shots Hit Robots 101 | . 62 39 Core Hits 36 | . 33 3 Critical Kills . | . . . Critical Parts Destroyed 1 | . 1 . Critical Strikes 2 | . 2 . Burn 1 | . 1 . Destroy 1 | . 1 . Melee Attacks . | . . . Impact . | . . . Slashing . | . . . Piercing . | . . . Sneak Attacks . | . . . Combat Hostiles . | . . . Follow-up Attacks . | . . . Damage Inflicted 1078 | . 906 172 Guns 833 | . 661 172 Cannons . | . . . Explosions 241 | . 241 . Melee . | . . . Ramming 4 | . 4 . Kinetic 335 | . 215 120 Thermal 451 | . 409 42 Explosive 143 | . 143 . Electromagnetic 145 | . 135 10 Impact . | . . . Slashing . | . . . Piercing . | . . . Highest Corruption . | . . . Average Corruption . | . . . Corruption Purged . | . . . Corruption Blocked . | . . . Overload Shots . | . . . Overflow Damage . | . . . Projectiles . | . . . Explosions . | . . . Melee . | . . . Knockbacks . | . . . Impact . | . . . Kinetic . | . . . Secondary . | . . . Self-Inflicted Damage 48 | . 48 . Shots 2 | . 2 . Rammed . | . . . Targets Rammed 1 | . 1 . Kicked 1 | . 1 . Crushed . | . . . Highest Temperature 250 | . 250 1 Average Temperature 67 | . 67 1 Received Heat Transfer 405 | . 177 228 Siege Activations . | . . . Robots Corrupted . | . . . Combat Hostiles . | . . . Parts Fried . | . . . Impact Corruptions . | . . . Robots Melted . | . . . Combat Hostiles . | . . . Parts Melted 2 | . 2 . Heat Transferred 1223 | . 1149 74 Parts Sabotaged . | . . . Parts Stolen . | . . . Parts Stripped . | . . . Power Chain Reactions 1 | . 1 . Alert | -11 -10 -10 ------- Run | Yrd Mat Sub Peak Influence 267 | . 267 . Initial . | . . . Average 117 | . 125 . Maximum Alert Level 1 | . 1 . Low Security (%) 79 | 100 78 . Level 1 20 | . 21 . Level 2 . | . . . Level 3 . | . . . Level 4 . | . . . Level 5 . | . . . High Security . | . . . Max Security . | . . . Squads Dispatched 2 | . 2 . Investigation 2 | . 2 . Extermination . | . . . Reinforcement . | . . . Assault . | . . . Garrison . | . . . Intercept . | . . . Searches Triggered . | . . . Construction Impeded . | . . . Haulers Reinforced . | . . . Active Scanning Responses . | . . . Cargo Convoy Interrupts . | . . . Stealth | -11 -10 -10 --------- Run | Yrd Mat Sub Distress Signals . | . . . Communications Jammed . | . . . Distress Signals . | . . . Times Spotted 31 | . 22 9 Peak Tracking Total 6 | . 4 6 Tactical Retreats 3 | . 1 2 Traps | -11 -10 -10 ------- Run | Yrd Mat Sub Traps Triggered 1 | . 1 . Indirectly . | . . . Trap Hack Attempts . | . . . Triggered . | . . . Disarmed . | . . . Reprogrammed . | . . . Reused . | . . . Traps Extracted . | . . . Installed . | . . . Triggered . | . . . Machines | -11 -10 -10 ---------- Run | Yrd Mat Sub Machines Disabled 1 | . 1 . Max in Single Turn 1 | . 1 . Machines Repaired . | . . . Machines Dismantled . | . . . Machines Sabotaged . | . . . Overloaded Fab Kills . | . . . Hacking | -11 -10 -10 --------- Run | Yrd Mat Sub Machines Accessed 7 | . 7 . Terminals 6 | . 6 . Fabricators . | . . . Repair Stations . | . . . Recycling Units 1 | . 1 . Scanalyzers . | . . . Garrison Access . | . . . Total Hacks 26 | . 26 . Successful 17 | . 17 . Failed 9 | . 9 . Catastrophic . | . . . Database Lockouts . | . . . Manual 7 | . 7 . Terminals 22 | . 22 . Fabricators . | . . . Repair Stations . | . . . Recycling Units 4 | . 4 . Scanalyzers . | . . . Garrison Access . | . . . Terminal Hacks 12 | . 12 . Record 2 | . 2 . Robot Analysis 1 | . 1 . Prototype ID Bank 2 | . 2 . Alert Level 1 | . 1 . Unreport Threat 1 | . 1 . Locate Traps 1 | . 1 . Dispatch Records 1 | . 1 . Recall Investigation 2 | . 2 . Hauler Manifests 1 | . 1 . Fabricator Hacks . | . . . Repair Station Hacks . | . . . Recycling Unit Hacks 4 | . 4 . Process 1 | . 1 . Report Inventory 2 | . 2 . Retrieve Matter 1 | . 1 . Scanalyzer . | . . . Garrison Access Hacks . | . . . Unauthorized Hacks 1 | . 1 . Terminals 1 | . 1 . Botnet 1 | . 1 . Fabricators . | . . . Repair Stations . | . . . Recycling Units . | . . . Scanalyzers . | . . . Garrison Access . | . . . Data Cores Recovered . | . . . Used . | . . . Hacking Detections 6 | . 6 . Full Trace Events 1 | . 1 . Feedback Events . | . . . Feedback Blocked . | . . . Robot Schematics Acquired . | . . . Robots Built . | . . . Authchips . | . . . Time . | . . . Total Robot Build Rating . | . . . Part Schematics Acquired . | . . . Parts Built . | . . . Authchips . | . . . Time . | . . . Total Part Build Rating . | . . . Parts Repaired . | . . . Time . | . . . Parts Recycled . | . . . Recycled Matter 9 | . 9 . Retrieved Matter 9 | . 9 . Retrieved Components . | . . . Parts Scanalyzed . | . . . Part Schematics Acquired . | . . . Parts Damaged . | . . . Bothacking | -11 -10 -10 ------------ Run | Yrd Mat Sub Used RIF Installer . | . . . Robots Hacked . | . . . Non-combat . | . . . Combat . | . . . Robot Hacks Applied . | . . . Relay Couplers Released . | . . . Fabnet Peak Effective % . | . . . Robots Rewired . | . . . Allies Hacked . | . . . Hacks Repelled . | . . . Allies | -11 -10 -10 -------- Run | Yrd Mat Sub Total Allies . | . . . Largest Group . | . . . Highest-Rated Group . | . . . Highest-Rated Ally . | . . . Total Orders . | . . . Ally Attacks . | . . . Total Damage . | . . . Kills . | . . . Allies Corrupted . | . . . Allies Melted . | . . . Intel | -11 -10 -10 ------- Run | Yrd Mat Sub Robot Analysis Total 1 | . 1 . Derelict Logs Recovered . | . . . Drone Launches . | . . . Drone Recoveries . | . . . Exploration | -11 -10 -10 ------------- Run | Yrd Mat Sub Turns Passed 1294 | 65 882 347 Spaces Moved 725 | 47 544 134 Core 5 | 5 . . Treads . | . . . Legs 715 | 42 544 129 Wheels 5 | . . 5 Hover . | . . . Flight . | . . . Fastest Speed 50 | 50 120 115 Average Speed 125 | 114 120 151 Slowest Speed 190 | 120 120 190 Overloaded Moves . | . . . Propulsion Burnouts . | . . . Robots Hopped . | . . . Cave-ins Triggered . | . . . Exploration Rate (%) 25 | 3 66 6 Regions Visited 2 Branch Regions 1 Pre-discovered Areas . | . . . Known Exits Taken . | . . . Unknown Exits Taken 2 | 1 1 . Scrap Searched . | . . . Spaces Dug . | . . . Terrain Destroyed 15 | . 15 . Melee . | . . . Projectile . | . . . AOE 15 | . 15 . Terrain Rammed . | . . . Walls Destroyed . | . . . Machines Disabled . | . . . Actions | -11 -10 -10 --------- Run | Yrd Mat Sub Total 986 | 56 692 238 Wait 108 | . 73 35 Move 723 | 46 543 134 Hop . | . . . Pick Up 19 | 4 7 8 Fast Attach 12 | 4 5 3 Attach 11 | 2 2 7 Detach 5 | . 2 3 Swap 3 | . 1 2 Drop 15 | . 6 9 Fire 89 | . 52 37 Melee . | . . . Ram . | . . . Kick 1 | . 1 . Crush . | . . . Escape Stasis . | . . . Rewire . | . . . Trap . | . . . Miscellaneous . | . . . Route ------- -11/Scrapyard -10/Materials (discovered 4 exits: [*Mat] / [*Min x2] / [*Sub]) -10/Subcaves (discovered 1 exit: [*Mat]) History --------- Turn | Location | Event 10 | -11/Scrapyard | Discovered new exit (range 16) 66 | -11/Scrapyard | Entered Materials 213 | -10/Materials | Discovered new exit (range 7) 301 | -10/Materials | Build established: Mutant 413 | -10/Materials | Discovered new exit (range 8) 469 | -10/Materials | Discovered new exit (range 16) 780 | -10/Materials | Discovered new exit (range 15) 948 | -10/Materials | Entered Subcaves 1017 | -10/Subcaves | Discovered new exit (range 6) 1065 | -10/Subcaves | A swath of the cavern ceiling suddenly collapsed 1074 | -10/Subcaves | Ambushed by swarm of Subdwellers 1152 | -10/Subcaves | Shifting Twisted Machinery released Sub. Machine Gun 1204 | -10/Subcaves | Core integrity fell below 50% 1240 | -10/Subcaves | Core integrity fell below 20% 1256 | -10/Subcaves | Lost 4 parts (2n2w) 1295 | -10/Subcaves | Destroyed by V7-WW8(R) with Subdweller Laser Last Messages --------------- Critical hit (Destroy). Grenade Launcher destroyed. EM Pulse Gun destroyed. Carbon-fiber Leg destroyed. EM Pulse Gun destroyed. Acquired 49 matter. Acquired Beamcaster. EN-PAI(R) destroyed. Acquired 14 matter. Acquired Aluminum Leg. Acquired 10 matter. Subatomizers dissect the Sub. Power Source. Acquired 10 matter. Dropped Lgt. Ion Engine. Acquired Sub. Monowheel. Subatomizers dissect the Sub. Power Source. Dropped Sml. Storage Unit. Subatomizers dissect the Sub. Power Source. Dropped Bore Cannon. [Achievement: Back For More] Map ----- +----------------------------------------------------+ | ?????????????????????????????????????????????? | | ?????????????????????????????????????????????? | | ?????????????????????????????????????????????? | | ?????????????????????????????????????????????? | | ?????????????????????????????????????????????? | | ?????????????????????????????????????????????? | | ?????????????????????????????????????????????? | | ?????????????????????????????????????????????? | | ?????????????????????????????????????????????? | | ?????????????????????????????????????????????? | | ?????????????????????????????????????????????? | | ?????????????????????????????????????????????? | | ?????????????????????????????????????????????? | | ?????????????????????????????????????????????? | | ?????????????????????????????????????????????? | | ?????????????????????????????????????????????? | | ?????????????????????????????????????????????? | | ???????????????????????????????????????????? | | ???????????????????????????????????????????? | | ???????????????????????????????????????????? | | ????????????????????????????????????????????#= | | ??????????????########?????????????????????? | | ??????????????# ##?????? ? ##????????" | | ??????????????#]! #??? #???????##" | | ??????????????# ## ?????????##%" | | ??????????????## @ #???????????????## " | | ???????????????# """ #???????????????# | | ???????????????# R " " #??????????????## " | | ???????????????# " """##???????????#### <" | | ???????????????# "" ##????????????# | | ???????????????# "" ##????????????## # | | ???????????????# !""[#?????????????# ### # | | ???????????????# [%[ #?????#???????## ## ## | | ???????????????## *!]##????##"??????# #####? | | ????????????????#= %%##????#""???##### #????? | | ????????????????##=*! ##???#""####"##"###????? | | ?????????????????##! ###??##"##[%###"#?????? | | ??????????????????# ""##### ""#%"%%"#?????? | | ??????????????????# """"""#"#"#[*###!##????? | | ?????????????????#"""##"""#"""""""#"#####????? | | ????????????????# "###"####""#"###?????????? | | ????????????????# ##"##?###"###???????????? | | ????????????????#"" ##?????###?????????????? | | ????????????????##""" ????????#??????????????? | | ?????????????????# """???????????????????????? | | ?????????????????# "???????????????????????? | | ?????????????????? ??????????????????????????? | | ?????????????????????????????????????????????? | | ?????????????????????????????????????????????? | | ?????????????????????????????????????????????? | +----------------------------------------------------+ Best States ------------- Heat Dissipation 25 Energy Generation 18 Energy Capacity 200 Matter Stores 400 Matter Capacity 400 Sight Range 16 Terrain Scan Density 10 Resistance: KI 20 Resistance: TH 20 Resistance: EX 20 Resistance: EM 20 Resistance: I 20 Resistance: S 20 Resistance: P 20 Evasion (%) 55 Offensive Hacking 10 Item Schematics ----------------- None Robot Schematics ------------------ None Fabricated ------------ Nothing Alien Tech Used ----------------- None Achievements -------------- Back For More Challenges ------------ None Game ------ Seed SensorPiercingInverter Manual? 0 Play Time 00:30:57 Cumulative 43.7 hours Start 2025.04.30 @ 16:48:59 End 2025.04.30 @ 17:27:50 Sessions 1 Manual Loads 0 Difficulty Adventurer Special Mode None Game No. 51 Rogue 48 Adventurer 3 Explorer 0 Win Type - Total 0 Types 0/0/0/0/0/0/0/0/0 Lore% 17 Gallery% 36 Achievement% 32 Wizard Run 0 Options --------- Layout 1 ASCII 0 Keyboard 0 Movement Mouse Keybinds 0 Fullscreen 1 Font 32/SmallcapsGlow Map View 50x35 Zoom Use 0% Tactical HUD 0 Map Filters NONE Filters NONE Steam 1 RUN: 9cb6e840-66c4-44fd-a8d9-9b25d626107d